 Dungeon Crawl Stone Soup version 0.30-a0-924-g0ad0bf95bc (webtiles) character file.

Game seed: 14101861598498445103

1890 Axe the Covert (level 9, -1/62 HPs)
             Began as an Octopode Fighter on Mar 23, 2023.
             Slain by a centaur
             ... wielding a +0 mace
              (6 damage)
             ... on level 6 of the Dungeon.
             The game lasted 00:12:41 (4276 turns).

Axe the Covert (Octopode Fighter)                   Turns: 4276, Time: 00:12:42

Health: -1/62      AC:  1    Str: 21    XL:     9   Next: 15%
Magic:  8/9        EV: 19    Int: 21    God:
Gold:   266        SH:  6    Dex: 17    Spells: 6/8 levels left

rFire   . . .      SeeInvis .    w - +1 hammer
rCold   + . .      Faith    .    b - +0 buckler
rNeg    . . .      Spirit   .    (helmet restricted)
rPois   .          Reflect  .    (no amulet)
rElec   .          Rampage  .    a - +6 ring of strength
rCorr   .                        f - ring of wizardry
Will    +....                    m - ring of willpower
Stlth   ++++++                   u - +5 ring of evasion
HPRegen 0.30/turn                e - +6 ring of dexterity
MPRegen 0.11/turn                i - ring of protection from cold
                                 h - +6 ring of intelligence
                                 (no ring)

@: hasted, very quick
A: almost no armour, amphibious, 8 rings, camouflage 1, gelatinous body 1,
(nimble swimmer 1), tentacles
a: no special abilities


You were on level 6 of the Dungeon.
You visited 1 branch of the dungeon, and saw 6 of its levels.

You collected 266 gold pieces.

Inventory:

Hand Weapons
 w - a +1 hammer (weapon)
Armour
 b - a +0 buckler (worn)
Jewellery
 a - a +6 ring of strength (left tentacle)
 e - a +6 ring of dexterity (on tentacle)
 f - a ring of wizardry (right tentacle)
 h - a +6 ring of intelligence (on tentacle)
 i - a ring of protection from cold (on tentacle)
 m - a ring of willpower (on tentacle)
 q - a ring of flight
 u - a +5 ring of evasion (on tentacle)
Wands
 n - a wand of polymorph (9)
 t - a wand of quicksilver (6)
Scrolls
 d - 3 scrolls of enchant weapon
 j - 2 scrolls of poison
 l - a scroll of identify
 r - 4 scrolls of teleportation
Potions
 c - 2 potions of might
 g - 2 potions of heal wounds {unknown}
 k - a potion of haste
 o - 2 potions of invisibility {unknown}
 p - 2 potions of curing {unknown}
 s - a potion of mutation {unknown}
 v - a potion of brilliance {unknown}
 x - a potion of lignification {unknown}
 z - a potion of resistance {unknown}


   Skills:
 + Level 6.0 Fighting
 - Level 2.1(3.8) Axes
 + Level 4.8(5.1) Maces & Flails
 + Level 3.1 Dodging
 - Level 10.0 Stealth
 - Level 6.0 Shields
 + Level 0.3 Spellcasting
 * Level 1.0 Conjurations


You had 6 spell levels left.
You knew the following spells:

 Your Spells              Type           Power      Damage    Failure   Level
a - Momentum Strike       Conj/Tloc      4%         3d8       11%         2

Your spell library contained the following spells:

 Spells                   Type           Power      Damage    Failure   Level
 Foxfire                  Conj/Fire      8%         2x1d4     8%          1
 Blink                    Tloc           0%         N/A       13%         2
 Lesser Beckoning         Tloc           0%         N/A       13%         2
 Fireball                 Conj/Fire      1%         3d3       86%         5
 Starburst                Conj/Fire      1%         6d3       100%        6


Dungeon Overview and Level Annotations

Branches:
Dungeon (7/15)
 Temple: D:4-7

Altars:
Makhleb


Innate Abilities, Weirdness & Mutations

You cannot wear most types of armour.
You are amphibious.
You can wear up to eight rings at the same time.
Your skin changes colour to match your surroundings (Stealth+).
Your rubbery body absorbs attacks. (AC +1, EV +1)
((You are camouflaged when in or above water. (Stealth+)))
You have tentacles for arms and can constrict up to eight enemies at once.


Message History

Confirm with . or Enter, or press ? or * to list all spells.
Aiming: Momentum Strike (safe; 11% risk of failure)
Press: ? - help, Dir - move target, f - white imp
Aim: a white imp (68% to hit)
The concentrated momentum hits the white imp.
The white imp is heavily wounded.
You are unable to move.
The centaur shouts!
The centaur unwields a +0 mace.
The centaur wields a +0 shortbow.
The centaur shoots an arrow.
The arrow hits you.
You cannot move.
The centaur shoots an arrow.
The arrow hits you!
You closely miss the white imp. Your grab misses the white imp.
You squeeze the white imp.
You kill the white imp!
The centaur shoots an arrow.
The arrow hits you!
Your Fighting skill increases to level 6!
You cannot move.
You cannot move.
The centaur shoots an arrow.
The arrow hits you!
The centaur shoots an arrow.
The arrow misses you.
The centaur shoots an arrow.
The arrow barely misses you.
You hear a shout!
The centaur shoots an arrow.
You block the arrow.
You are no longer robbed of momentum.
A centaur comes into view.
The centaur shoots an arrow.
The arrow hits you!
The centaur shoots an arrow.
The arrow hits you!
* * * LOW HITPOINT WARNING * * *
The centaur wields a +0 shortbow.
The centaur shoots an arrow.
You block the arrow.
The centaur unwields a +0 shortbow.
The centaur wields a +0 mace.
The centaur hits you with a +0 mace.
* * * LOW HITPOINT WARNING * * *
The centaur kicks you.
* * * LOW HITPOINT WARNING * * *
The centaur shoots an arrow.
The arrow hits you!
* * * LOW HITPOINT WARNING * * *
You feel yourself speed up. The centaur hits you with a +0 mace.
You die...

o##### #>...#...#...#...#.
.....######<#..................
.....#......#....#...#...#...#.
.....#..)...#...#.#...#.#...#.#
..h.{.........รท#...#...#...#...
.....#......#..................
.....######.#....#c..#...#...#.
###### #.##..#?#...#)#...#.
#.##.#@..#...#...#.
#.##..c...........
#.#....#...#...#.
#####.)...#.#...#(#.
#######......#.#...#...#
.............#............
######..............###...
#.......######.# ... #.......#
..# ..


You could see 2 centaurs.

Vanquished Creatures
  A komodo dragon (D:6)
  Prince Ribbit (D:7)
  Sigmund (D:2)
  A water moccasin (D:6)
  A black bear (D:6)
  2 centaurs (D:6)
  Blork the orc (D:6)
  3 bullfrogs
  A scorpion (D:7)
  A jelly (D:6)
  3 hounds
  Crazy Yiuf (D:3)
  An orc priest (D:6)
  An iguana (D:7)
  2 sleepcaps
  Natasha (twice) (D:3)
  2 orc wizards (D:6)
  Terence (D:2)
  Robin (D:2)
  5 gnolls
  5 adders
  2 shadow imps (D:6)
  3 white imps (D:6)
  An ufetubus (D:4)
  2 worms
  3 dart slugs
  9 orcs
  4 endoplasms
  5 giant cockroaches
  13 goblins
  9 hobgoblins
  12 jackals
  2 quokkas (D:1)
  5 ball pythons
  2 bats (D:1)
  5 frilled lizards
  7 kobolds
  2 rats
123 creatures vanquished.

Vanquished Creatures (others)
  3 plants (D:6)
3 creatures vanquished.

Grand Total: 126 creatures vanquished

Notes
Turn   | Place    | Note
-------+----------+-------------------------------------------
     0 | D:1      | Axe the Octopode Fighter began the quest for the Orb.
     0 | D:1      | Reached XP level 1. HP: 16/16 MP: 1/1
   120 | D:1      | Reached skill level 1 in Stealth
   124 | D:1      | Reached XP level 2. HP: 17/21 MP: 2/2
   349 | D:1      | Reached skill level 2 in Stealth
   448 | D:1      | Reached XP level 3. HP: 26/26 MP: 3/3
   452 | D:1      | Learned a level 2 spell: Momentum Strike
   937 | D:2      | Reached skill level 3 in Stealth
   981 | D:2      | Noticed Robin
  1012 | D:2      | Reached XP level 4. HP: 31/31 MP: 4/4
  1056 | D:2      | Killed Robin
  1057 | D:2      | Reached skill level 1 in Maces & Flails
  1153 | D:2      | Noticed Sigmund
  1167 | D:2      | Killed Sigmund
  1168 | D:2      | Reached skill level 5 in Stealth
  1168 | D:2      | Reached XP level 5. HP: 37/37 MP: 5/5
  1168 | D:2      | Reached XP level 6. HP: 43/43 MP: 6/6
  1592 | D:2      | Noticed Terence
  1601 | D:2      | Killed Terence
  1863 | D:3      | Identified the +4 long sword of Efatt {speed, rC+}
  1978 | D:3      | Noticed Natasha
  1986 | D:3      | Killed Natasha
  2070 | D:3      | Found a runed translucent door.
  2071 | D:3      | Noticed Crazy Yiuf
  2148 | D:3      | Identified the +1 hand axe of Departure {flame, rN++
                  | Stlth+}
  2324 | D:3      | Noticed Natasha
  2326 | D:3      | Natasha changed into Natasha the hound
  2326 | D:3      | Noticed Natasha
  2330 | D:3      | Killed Natasha the hound
  2390 | D:3      | Noticed Natasha
  2402 | D:3      | Killed Natasha
  2420 | D:3      | Reached skill level 6 in Stealth
  2651 | D:3      | Killed Crazy Yiuf
  2652 | D:3      | Reached XP level 7. HP: 48/48 MP: 7/7
  3234 | D:4      | You fall into a shaft and drop 3 floors!
  3270 | D:7      | Noticed Prince Ribbit
  3279 | D:7      | Killed Prince Ribbit
  3280 | D:7      | Reached skill level 7 in Stealth
  3308 | D:6      | Reached XP level 8. HP: 54/54 MP: 8/8
  3320 | D:6      | Reached skill level 5 in Shields
  3415 | D:6      | Reached skill level 8 in Stealth
  3502 | D:7      | Reached skill level 5 in Fighting
  3823 | D:6      | Noticed a komodo dragon
  3846 | D:6      | Killed a komodo dragon
  3847 | D:6      | Reached skill level 9 in Stealth
  4038 | D:6      | Reached XP level 9. HP: 48/62 MP: 9/9
  4056 | D:6      | Noticed Blork the orc
  4064 | D:6      | Reached skill level 10 in Stealth
  4070 | D:6      | Killed Blork the orc
  4191 | D:6      | Found a burning altar of Makhleb.
  4260 | D:6      | Reached skill level 1 in Conjurations
  4276 | D:6      | Slain by a centaur

Illustrated notes

Levels and vault maps discovered:
D:1:      scummos_arrival_star, layout_basic
D:2:      layout_loops_corners, uniq_robin, uniq_terence, uniq_sigmund
D:3:      layout_loops_cross, uniq_natasha, uniq_crazy_yiuf_cottage
D:4:      cheibrodos_pilgrimage, layout_gridville, minmay_surrounded
D:6:      cheibrodos_fzero, layout_basic, marbit_many_paths,
          minmay_temple_entry_overgrown, grunt_ministairs_12,
          chequers_serial_rivers_small_b, nicolae_kite_square_tiling_tiny,
          uniq_blork_the_orc
D:7:      layout_loops_corners, kennysheep_little_box, uniq_pikel, uniq_joseph,
          uniq_prince_ribbit1

Skill      XL: |  1  2  3  4  5  6  7  8  9 |
---------------+----------------------------+-----
Stealth        | 1 2 3 5 6 7 9 10 | 10.0
Maces & Flails | 2 3 4 |  4.8
Shields        | 4 5 6 |  6.0
Fighting       | 4 5 6 |  6.0
Conjurations   | 1 |  1.0
Axes           | |  2.1
Dodging        | |  3.1
Spellcasting   | |  0.3

Action                     |  1- 3 |  4- 6 |  7- 9 || total
---------------------------+-------+-------+-------++-------
  Melee: War axe           |    23 |       |       ||    23
         Constrict         |    17 |    20 |    28 ||    65
         Tentacles         |    12 |    16 |    34 ||    62
         Whip              |    46 |    73 |       ||   119
         Punch             |       |     2 |     1 ||     3
         Mace              |       |       |   101 ||   101
   Cast: Momentum Strike   |       |       |     1 ||     1
  Evoke: Wand              |       |     1 |     5 ||     6
    Use: Scroll            |       |       |     8 ||     8
         Potion            |       |       |     1 ||     1
   Stab: Sleeping          |     7 |    10 |    10 ||    27
 Armour: Skin              |     7 |     1 |     2 ||    10
  Dodge: Dodged            |    26 |    19 |    61 ||   106
  Block: Buckler           |    12 |    10 |    29 ||    51

Table legend: (Time is in decaauts)
 A = Elapsed time spent in this place.
 B = Non-inter-level travel time spent in this place.
 C = Inter-level travel time spent in this place.
 D = Time resting spent in this place.
 E = Time spent auto-exploring this place.
 F = Levels seen in this place.
 G = Mean time per level.
                   A        B        C        D        E       F      G
               +--------+--------+--------+--------+--------+-----+--------+
         Total |   4312 |   4187 |    125 |    695 |   2166 |   6 |  718.7 |
       Dungeon |   4312 |   4187 |    125 |    695 |   2166 |   6 |  718.7 |
               +--------+--------+--------+--------+--------+-----+--------+

Top non-repeatable levels by time:
     D:2: 969 daAuts
     D:1: 889 daAuts
     D:3: 869 daAuts
     D:6: 694 daAuts
     D:4: 521 daAuts
     D:7: 367 daAuts
